 Dungeon Crawl Stone Soup version 0.29.1-2-gbd0b4ee654 (webtiles) character file.

Game seed: 11288446814393040946

441 LustLizard the Ruffian (level 6, -18/62 HPs)
             Began as a Troll Fighter on Nov 23, 2022.
             Demolished by a shadow (32 damage)
             ... on level 6 of the Dungeon.
             The game lasted 00:05:34 (2238 turns).

LustLizard the Ruffian (Troll Fighter)              Turns: 2238, Time: 00:05:35

Health: -18/62     AC:  9    Str: 25    XL:     6   Next: 71%
Magic:  5/5        EV:  8    Int: 12    God:
Gold:   26         SH:  7    Dex:  9    Spells: 5/5 levels left

rFire   . . .      SeeInvis .     - Unarmed
rCold   . . .      Faith    .   b - +0 kite shield
rNeg    . . .      Spirit   .   u - +0 swamp dragon scales
rPois   +          Reflect  .   (helmet restricted)
rElec   .          Harm     .   (no cloak)
rCorr   .          Rampage  .   (gloves unavailable)
Will    .....                   (boots unavailable)
Stlth   ..........              s - amulet of the acrobat
HPRegen 1.00/turn               e - +6 ring of intelligence
MPRegen 0.09/turn               (no ring)

@: no status effects
A: large, unfitting armour, claws 3, regeneration 1, shaggy fur 1, tough skin 1
a: no special abilities


You were on level 6 of the Dungeon.
You visited 1 branch of the dungeon, and saw 5 of its levels.

You collected 91 gold pieces.
You spent 65 gold pieces at shops.

Inventory:

Missiles
 g - 18 stones
 j - 7 poisoned darts
Armour
 a - a +0 robe
 b - a +0 kite shield (worn)
 u - +0 swamp dragon scales (worn)
Jewellery
 e - a +6 ring of intelligence (left claw)
 s - an amulet of the acrobat (around neck)
Wands
 c - a wand of flame (22) (quivered)
Scrolls
 f - 5 scrolls of identify
 h - a scroll of fog {unknown}
 i - 2 scrolls of enchant armour {unknown}
 k - 2 scrolls of fear {unknown}
 l - a scroll of teleportation {unknown}
 m - a scroll of amnesia {unknown}
 o - a scroll of summoning {unknown}
 q - a scroll of vulnerability {unknown}
 r - 2 scrolls of immolation {unknown}
 v - a scroll of enchant weapon {unknown}
Potions
 d - a potion of flight
 n - a potion of magic
 p - 2 potions of curing
 t - a potion of invisibility {unknown}


   Skills:
 + Level 3.8 Fighting
 - Level 2.4 Dodging
 + Level 4.1 Shields
 * Level 5.3 Unarmed Combat


You had 5 spell levels left.
You didn't know any spells.
Your spell library contained the following spells:

 Spells                   Type           Power      Damage    Failure   Level
 Slow                     Hex            0%         N/A       77%         1
 Sting                    Tmut/Pois      0%         1d3       77%         1
 Poisonous Vapours        Pois/Air       0%         N/A       88%         2
 Confusing Touch          Hex            0%         N/A       98%         3
 Tukima's Dance           Hex            0%         N/A       98%         3
 Vampiric Draining        Necr           0%         2d6       98%         3
 Olgreb's Toxic Radiance  Pois           0%         N/A       100%        4
 Passage of Golubria      Tloc           0%         N/A       100%        4
 Yara's Violent Unravell  Hex/Tmut       0%         3d3       100%        5


Dungeon Overview and Level Annotations

Branches:
Dungeon (4/15)
 Temple: D:4-7

Altars:

Shops:
D:4 *


Innate Abilities, Weirdness & Mutations

You are too large for most types of armour.
You have claws for hands.
Your natural rate of healing is unusually fast.
You are covered in fur. (AC +1)
You have tough skin. (AC +1)


Message History

Aim: a shadow (lightly damaged, 68% to hit)
The puff of flame hits the shadow.
The shadow is lightly damaged.
The shadow slips into darkness.
The shadow flickers and vanishes!
Deactivating autopickup; reactivate with Ctrl-A.
Aiming: Throw Flame
Press: ? - help, Q - select action, (/) - cycle Shift-Dir - straight line, f - you That beam is likely to hit you.
Continue anyway?
Okay, then.
You closely miss something.
The shadow strikes at you from the darkness!
Reactivating autopickup.
You completely miss the shadow.
The shadow is lightly damaged.
You block the shadow's attack.
You claw the shadow!
The shadow is heavily damaged.
You block the shadow's attack.
You barely miss the shadow.
The shadow is heavily damaged.
The shadow slips into darkness.
The shadow flickers and vanishes!
Deactivating autopickup; reactivate with Ctrl-A.
You closely miss something.
The shadow strikes at you from the darkness!
* * * LOW HITPOINT WARNING * * *
Reactivating autopickup.
You scratch the shadow.
The shadow is severely damaged.
The shadow hits you.
You scratch the shadow.
The shadow is almost destroyed.
The shadow slips into darkness.
The shadow flickers and vanishes!
Deactivating autopickup; reactivate with Ctrl-A.
You miss something.
The shadow strikes at you from the darkness!
Ouch! That really hurt!
You die...

#...... ..##..###
#...... ..........
#.... .##.# ..##.#
..##... #...##....###
.......##...#........
#.....).............
#.....###...........
#......#............
#...........@.......
#............{...!..
.........#.......#...
................## ..
............../..
.............?
.........#...
....!....#....


There were no monsters in sight!

Vanquished Creatures
  Maggie (D:6)
  A hound (D:6)
  7 adders
  3 worms
  3 dart slugs
  2 endoplasms
  2 giant cockroaches
  7 goblins
  4 hobgoblins (D:1)
  6 jackals
  3 quokkas
  10 ball pythons
  4 bats
  12 frilled lizards
  2 kobolds
  9 rats
76 creatures vanquished.

Notes
Turn   | Place    | Note
-------+----------+-------------------------------------------
     0 | D:1      | LustLizard the Troll Fighter began the quest for the Orb.
     0 | D:1      | Reached XP level 1. HP: 22/22 MP: 0/0
   119 | D:1      | Reached XP level 2. HP: 29/29 MP: 1/1
   263 | D:1      | Found a faded altar of an unknown god.
   393 | D:1      | Reached XP level 3. HP: 34/36 MP: 2/2
   617 | D:1      | Reached skill level 3 in Unarmed Combat
  1291 | D:2      | Reached XP level 4. HP: 44/44 MP: 3/3
  2011 | D:4      | Reached XP level 5. HP: 53/53 MP: 4/4
  2070 | D:4      | Reached skill level 4 in Unarmed Combat
  2094 | D:4      | Found Huinluor's General Store.
  2097 | D:4      | Bought a potion of heal wounds for 65 gold pieces
  2134 | D:4      | You fall into a shaft and drop 2 floors!
  2135 | D:6      | Noticed Maggie
  2151 | D:6      | Killed Maggie
  2152 | D:6      | Reached skill level 5 in Unarmed Combat
  2152 | D:6      | Reached XP level 6. HP: 8/62 MP: 5/5
  2224 | D:6      | Noticed a shadow
  2238 | D:6      | Demolished by a shadow

Illustrated notes

Levels and vault maps discovered:
D:1:      saegor_arrival_simple_d, layout_basic, shapermc_ecumenical_altar_venn,
          minmay_lizard_pond
D:2:      layout_rooms
D:3:      layout_rooms, chequers_serial_rivers_micro_c
D:4:      layout_loops_corners, serial_shops, nicolae_shop_trees,
          gammafunk_ghost_gnarly_gnolls, abandoned_shop, minmay_misc_feat_chi
D:6:      layout_cave_pools, mainiacjoe_overflow_small_starburst, serial_glass,
          glass_columns_b, glass_columns_a, glass_columns_b, glass_columns_c,
          glass_columns_a, glass_columns_a, glass_columns_b, glass_columns_a,
          minmay_strange_pillars, uniq_maggie, uniq_sigmund

Skill      XL: |  1  2  3  4  5 |
---------------+----------------+-----
Shields        | 3 4 |  4.1
Unarmed Combat | 3 5 |  5.3
Fighting       | 3 |  3.8
Dodging        | |  2.4

Action                   |  1- 3 |  4- 6 || total
-------------------------+-------+-------++-------
Melee: Unarmed           |   148 |    82 ||   230
Evoke: Wand              |       |     2 ||     2
  Use: Scroll            |       |     3 ||     3
       Potion            |       |     2 ||     2
 Stab: Sleeping          |     1 |       ||     1
Armor: Robe              |    78 |    18 ||    96
       Swamp dragon scal |       |     1 ||     1
Dodge: Dodged            |    97 |    26 ||   123
Block: Kite shield       |    60 |    24 ||    84
